 Dungeon Crawl Stone Soup version 0.28.0-43-g3370ac3207 (webtiles) character file.

Game seed: 2848491207544011246

1293 CryoSword the Skirmisher (level 8, -2/88 HPs)
             Began as an Ogre Berserker on Mar 8, 2022.
             Was a Believer of Trog.
             Slain by Edmund
             ... wielding a +4 dire flail of protection
              (6 damage)
             ... on level 5 of the Dungeon.
             The game lasted 00:09:12 (6405 turns).

CryoSword the Skirmisher (Ogre Berserker)           Turns: 6405, Time: 00:09:12

Health: -2/88      AC:  6    Str: 24    XL:     8   Next: 56%
Magic:  8/8        EV: 10    Int:  8    God:    Trog [**....]
Gold:   233        SH:  0    Dex:  8    Spells: 7/7 levels left

rFire   . . .      SeeInvis .   k - +2 dagger (elec)
rCold   . . .      Faith    .   (no shield)
rNeg    . . .      Spirit   .   b - +0 animal skin
rPois   .          Reflect  .   (helmet restricted)
rElec   .          Harm     .   m - +0 cloak
rCorr   +          Rampage  .   (gloves unavailable)
Will    +....      Clarity  +   (boots unavailable)
Stlth   +.........              (no amulet)
HPRegen 0.24/turn               c - ring of flight
MPRegen 0.11/turn               a - ring of resist corrosion

@: on berserk cooldown, flying, slowed, very slow
A: large, unfitting armour, tough skin 1, hooves 1, iridescent scales 1,
clarity, strong-willed 1
a: Renounce Religion, Berserk, Trog's Hand


You were on level 5 of the Dungeon.
You worshipped Trog.
Trog was pleased with you.
You visited 1 branch of the dungeon, and saw 5 of its levels.

You collected 233 gold pieces.

Inventory:

Hand Weapons
 k - a +2 dagger of electrocution (weapon)
   (You took it off a goblin on level 3 of the Dungeon)
 n - a +0 giant club
   (You took it off an ogre on level 4 of the Dungeon)
Missiles
 o - 7 poisoned darts (quivered)
 p - 2 boomerangs
Armour
 b - a +0 animal skin (worn)
 m - a +0 cloak (worn)
   (You took it off Crazy Yiuf on level 3 of the Dungeon)
Jewellery
 a - a ring of resist corrosion (right hand)
   (You found it on level 3 of the Dungeon)
 c - a ring of flight (left hand)
   (You found it on level 1 of the Dungeon)
Scrolls
 d - 2 scrolls of teleportation {@r4}
 f - 2 scrolls of blinking
Potions
 e - a potion of curing {unknown}
 g - 2 potions of lignification {unknown}
 h - a potion of mutation {!q}
 i - 2 potions of ambrosia {unknown}
 l - a potion of berserk rage {unknown}
 q - a potion of haste {unknown}
 r - a potion of heal wounds {unknown}


   Skills:
 + Level 7.7 Fighting
 * Level 7.1 Maces & Flails
 + Level 5.3 Dodging


You had 7 spell levels left.
You didn't know any spells.
Your spell library was empty.

Dungeon Overview and Level Annotations

Branches:
Dungeon (5/15)             Temple (0/1) D:4

Altars:
Cheibriados
Makhleb
Ru
Sif Muna
Trog
Vehumet

Annotations:
D:5 Edmund, Pikel


Innate Abilities, Weirdness & Mutations

You are too large for most types of armour.
You have tough skin. (AC +1)
You have large cloven feet.
You are partially covered in iridescent scales. (AC +2)
You possess an exceptional clarity of mind.
You are strong-willed. (Will+)


Message History

You feel a strong urge to attack something.
You are no longer berserk.
You are exhausted.
You feel yourself slow down.
You feel the effects of Trog's Hand fading.
There is an open door here.
You start resting.
Your skin stops crawling.
You feel less strong-willed.
You start resting.
You feel yourself speed up.
There is an open door here.
Could not explore, unopened door.
You reach down and open the door.
There is an open door here.
A black bear comes into view.
There is an open door here.
A black bear is nearby!
The black bear closely misses you. The black bear claws you.
The black bear barely misses you.
You hit the black bear.
Lightning courses through the black bear!
The black bear bites you but does no damage.
The black bear claws you. The black bear closely misses you.
You puncture the black bear!
The black bear goes berserk!
You barely miss the black bear. The black bear bites you.
The black bear closely misses you. x2; The black bear bites you!
The black bear claws you. x2
You hit the black bear.
Lightning courses through the black bear!
You kill the black bear!
Trog accepts your kill.
Your Maces & Flails skill increases to level 7!
No target in view!
You recover from your berserk rage.
An iguana comes into view.
An iguana is nearby!
An iguana is nearby!
The iguana hisses angrily.
The iguana bites you!
You hit the iguana. The iguana misses you.
You completely miss the iguana. The iguana bites you!
You are too injured to fight recklessly!
You are too injured to fight recklessly!
You are too injured to fight recklessly!
A red film seems to cover your vision as you go berserk!
You feel yourself moving faster!
You feel mighty! The iguana closely misses you.
You completely miss the iguana. The iguana bites you.
You puncture the iguana! The iguana barely misses you.
You hit the iguana.
You kill the iguana!
Trog accepts your kill.
You see here an iguana corpse.
You feel a strong urge to attack something.
You start resting.
You feel your anger nearly subside.
Unknown command.
You are no longer berserk.
You are exhausted.
You feel yourself slow down.
You start resting.
You feel yourself speed up.
You start resting.
You recover from your berserk rage.
You start resting.
p - 2 boomerangs Could not explore, unopened door.
Could not explore, unopened door.
Could not explore, unopened door.
You reach down and open the door.
There is an open door here.
You now have 224 gold pieces (gained 11).
You now have 233 gold pieces (gained 9).
You reach down and open the door.
Found a stone staircase leading down.
There is an open door here.
Could not explore, unopened door.
You reach down and open the door.
Found a glowing black potion.
There is an open door here.
q - a glowing black potion
r - an emerald potion
There is an open door here.
There is an open door here.
Could not explore, unopened door.
Could not explore, unopened door.
You reach down and open the door.
There is an open door here.
Could not explore, unopened door.
As you read the scroll labelled INWUCKUJAF, it crumbles to dust.
You assume a fearsome visage.
Nothing appears to happen.
It was a scroll of fear.
As you open the door, it creaks loudly!
There is an open door here.
Edmund the Younger comes into view.
He is wielding a +4 dire flail of protection.
Edmund shouts!
You hear a shout!
Your skin crawls.
You feel strong-willed.
A red film seems to cover your vision as you go berserk!
You feel yourself moving faster!
You feel mighty!
You feel the effects of Trog's Hand fading.
You hit Edmund.
Edmund hits you with a +4 dire flail of protection!
You hit Edmund but do no damage. Lightning courses through Edmund!
Edmund drinks a potion.
Edmund seems to grow stronger.
You hit Edmund but do no damage. You closely miss Edmund.
Edmund hits you with a +4 dire flail of protection!
You closely miss Edmund.
Edmund hits you with a +4 dire flail of protection!!
You closely miss Edmund. You barely miss Edmund.
Edmund hits you with a +4 dire flail of protection.
A lemure comes into view.
The lemure shouts!
You hit Edmund.
Your skin stops crawling.
You feel less strong-willed.
Edmund hits you with a +4 dire flail of protection!!
You hit Edmund.
A lemure comes into view.
The lemure shouts!
You puncture Edmund!
You hear an angry hiss.
You hear a shout!
Edmund says, "People think my brother is the best.
I think he's crazy."
Edmund hits you with a +4 dire flail of protection!!
* * * LOW HITPOINT WARNING * * *
A lemure comes into view.
You closely miss Edmund. You puncture Edmund!
Edmund says, "I'm quite good with sums, too."
Edmund hits you with a +4 dire flail of protection!
* * * LOW HITPOINT WARNING * * *
You hit Edmund but do no damage.
Edmund hits you with a +4 dire flail of protection!!
* * * LOW HITPOINT WARNING * * *
You barely miss Edmund. You hit Edmund. Edmund barely misses you.
Pikel, Merchant of Souls comes into view.
He is wielding a +0 whip of freezing.
You feel a strong urge to attack something.
You are no longer berserk.
You are exhausted.
You feel yourself slow down.
It was a potion of mutation.
You feel extremely strange.
You feel strong-willed.
Your thoughts seem clearer.
Your feet thicken and deform.
Iridescent scales grow over part of your body.
Edmund hits you with a +4 dire flail of protection.
You die...

### ..## . ...#
..########..#
..K.........#
............#
...$.55.....#
.......5@@..####
#+###########....#
#.......'...#....#
#.......#...#....#
#....#......####'#....#
#....+......#.....#####
#....#......+.....#
#.=..#......#.....#
#....#......#.....#


You could see Edmund (strong), Pikel and 3 lemures.

Vanquished Creatures
  Grinder (D:3)
  Prince Ribbit (D:5)
  A black bear (D:5)
  A necrophage (D:3)
  2 ogres (D:4)
  A phantom (D:4)
  A crimson imp (D:3)
  An orc priest (D:5)
  2 hounds
  Crazy Yiuf (D:3)
  2 iguanas
  An orc wizard (D:5)
  A hound zombie (D:5)
  A mummy (D:3)
  Robin (D:3)
  12 adders
  An ufetubus (D:5)
  5 worms (D:2)
  A dart slug (D:1)
  3 orcs
  13 endoplasms
  5 giant cockroaches
  18 goblins
  12 hobgoblins
  4 jackals (D:1)
  5 kobolds
  3 quokkas
  4 ball pythons
  6 bats
  A frilled lizard (D:2)
  8 rats
119 creatures vanquished.

Vanquished Creatures (others)
  A wizard (D:4)
1 creature vanquished.

Grand Total: 120 creatures vanquished

Notes
Turn   | Place    | Note
-------+----------+-------------------------------------------
     0 | D:1      | CryoSword the Ogre Berserker began the quest for the Orb.
     0 | D:1      | Reached XP level 1. HP: 24/24 MP: 1/1
    52 | D:1      | Reached XP level 2. HP: 32/32 MP: 2/2
   453 | D:1      | Reached XP level 3. HP: 40/40 MP: 3/3
   532 | D:1      | Reached ** piety under Trog
  1209 | D:2      | Reached XP level 4. HP: 23/49 MP: 4/4
  2200 | D:2      | Reached skill level 5 in Fighting
  2328 | D:2      | Reached XP level 5. HP: 57/57 MP: 5/5
  2366 | D:2      | Found a faded altar of an unknown god.
  2971 | D:3      | Noticed Robin
  3014 | D:3      | Reached *** piety under Trog
  3464 | D:3      | Noticed a necrophage
  3469 | D:3      | Killed a necrophage
  3470 | D:3      | Reached XP level 6. HP: 66/66 MP: 6/6
  3532 | D:3      | Found a runed translucent door.
  3533 | D:3      | Noticed Crazy Yiuf
  3573 | D:3      | Found a snail-covered altar of Cheibriados.
  3573 | D:3      | Noticed Grinder
  3582 | D:3      | Killed Grinder
  3583 | D:3      | Reached skill level 5 in Maces & Flails
  3583 | D:3      | Reached XP level 7. HP: 56/75 MP: 7/7
  3606 | D:3      | Killed Robin
  3895 | D:3      | Found a burning altar of Makhleb.
  3896 | D:3      | Found a radiant altar of Vehumet.
  4107 | D:3      | Found a sacrificial altar of Ru.
  4246 | D:3      | Killed Crazy Yiuf
  4952 | D:4      | Found a shimmering blue altar of Sif Muna.
  5180 | D:4      | Reached XP level 8. HP: 82/87 MP: 8/8
  5364 | D:4      | Found a bloodstained altar of Trog.
  5378 | D:4      | Found a staircase to the Ecumenical Temple.
  5403 | D:4      | Noticed a wizard
  5406 | D:4      | Killed a wizard
  5533 | D:5      | Entered Level 5 of the Dungeon
  5819 | D:5      | Reached skill level 5 in Dodging
  6037 | D:5      | Noticed Prince Ribbit
  6045 | D:5      | Killed Prince Ribbit
  6383 | D:5      | Noticed Edmund
  6400 | D:5      | HP: 5/132 [Edmund/+4 dire flail of protection (28)]
  6402 | D:5      | Noticed Pikel
  6405 | D:5      | Gained mutation: You are strong-willed. (Will+) [potion of
                  | mutation]
  6405 | D:5      | Gained mutation: You possess an exceptional clarity of
                  | mind. [potion of mutation]
  6405 | D:5      | Gained mutation: You have large cloven feet. [potion of
                  | mutation]
  6405 | D:5      | Gained mutation: You are partially covered in iridescent
                  | scales. (AC +2) [potion of mutation]
  6405 | D:5      | Slain by Edmund

Illustrated notes

Levels and vault maps discovered:
D:1:      minmay_arrival_hallway, layout_loops_ring, grunt_decor_one_mirror
D:2:      kennysheep_big_flooded_room, layout_basic,
          hellmonk_ecumenical_altar_slurped_away
D:3:      layout_rooms, grunt_temple_overflow_lords_of_destruction,
          slow_altar_2, nicolae_ru_awakened_eye, serial_curves, eino_curves_01,
          eino_curves_03, uniq_crazy_yiuf_cottage, uniq_robin, uniq_grinder
D:4:      layout_loops_ring, lemuel_blue_sif_altar, trog_wizard, temple_hall,
          kennysheep_generic_room_11
D:5:      layout_gridville, uniq_edmund, uniq_pikel, uniq_prince_ribbit1

Skill      XL: |  1  2  3  4  5  6  7  8 |
---------------+-------------------------+-----
Maces & Flails | 3 4 5 6 7 |  7.1
Dodging        | 3 4 5 |  5.3
Fighting       | 5 6 7 |  7.7

Action                   |  1- 3 |  4- 6 |  7- 9 || total
-------------------------+-------+-------+-------++-------
Melee: Mace              |   100 |   125 |       ||   225
       Punch             |     1 |       |     1 ||     2
       Dagger            |       |     9 |   183 ||   192
Invok: Berserk           |     3 |     7 |     7 ||    17
       Trog's Hand       |       |     2 |     3 ||     5
  Use: Scroll            |       |     5 |     1 ||     6
       Potion            |       |       |     1 ||     1
 Stab: Sleeping          |     1 |       |       ||     1
Armor: Animal skin       |    40 |    38 |    42 ||   120
Dodge: Dodged            |    74 |    69 |    78 ||   221
